 Dungeon Crawl Stone Soup version 0.25-a0-1036-g6f112fb28d (webtiles) character file.

Game seed: 17038413402385596103, levelgen mode: deterministic

107 Conn the Firebug (level 4, 0/27 HPs)
             Began as an Octopode Fire Elementalist on May 13, 2020.
             Succumbed to an adder's poison
             ... on level 3 of the Dungeon.
             The game lasted 00:05:18 (2285 turns).

Conn the Firebug (Octopode Fire Elementalist)       Turns: 2285, Time: 00:05:20

Health: 0/27       AC:  1    Str:  7    XL:     4   Next: 86%
Magic:  0/8        EV: 13    Int: 18    God:
Gold:   76         SH:  0    Dex: 12    Spells: 4/8 levels left

rFire    . . .     SeeInvis .   c - +0 dagger
rCold    . . .     Gourm    .   (no shield)
rNeg     + . .     Faith    .   (helmet restricted)
rPois    .         Spirit   .   (no amulet)
rElec    .         Reflect  .   d - ring of positive energy
rCorr    +         Harm     .   g - ring of resist corrosion
MR       .....                  (no ring)
Stlth    +++.......             (no ring)
HPRegen  0.09/turn              (no ring)
MPRegen  0.11/turn              (no ring)
                                (no ring)
                                (no ring)

@: lethally poisoned (0 -> -3)
A: almost no armour, stealthy swim, amphibious, 8 rings, constrict 8, camouflage
1, gelatinous body 1
a: no special abilities


You were on level 3 of the Dungeon.
You were hungry.

You visited 1 branch of the dungeon, and saw 3 of its levels.

You collected 76 gold pieces.

Inventory:

Hand Weapons
 c - a +0 dagger (weapon)
Jewellery
 d - a ring of positive energy (left tentacle)
 g - a ring of resist corrosion (right tentacle)
Scrolls
 a - a scroll of fog {unknown}
 e - 2 scrolls of identify {unknown}
 f - a scroll of random uselessness {unknown}
Comestibles
 b - 2 rations


   Skills:
 + Level 0.4 Short Blades
 + Level 2.3 Dodging
 + Level 3.5 Stealth
 * Level 2.7 Spellcasting
 + Level 1.9 Conjurations
 * Level 4.0 Fire Magic


You had 4 spell levels left.
You knew the following spells:

 Your Spells              Type           Power        Failure   Level  Hunger
a - Foxfire               Conj/Fire      ##..         4%          1    None
b - Conjure Flame         Conj/Fire      ##......     16%         3    ###....

Your spell library contained the following spells:

 Spells                   Type           Power        Failure   Level  Hunger
 Inner Flame              Hex/Fire       #.......     22%         3    ###....
 Sticky Flame             Conj/Fire      ##......     45%         4    ####...
 Fireball                 Conj/Fire      ##........   80%         5    ######.


Dungeon Overview and Level Annotations

Branches:
Dungeon (3/15)

Altars:
Nemelex Xobeh


Innate Abilities, Weirdness & Mutations

You cannot wear most types of armour.
You are very stealthy in the water. (Stealth+)
You are amphibious.
You can wear up to eight rings at the same time.
You can use your tentacles to constrict eight enemies at once.
Your skin changes colour to match your surroundings (Stealth+).
Your rubbery body absorbs attacks. (AC +1, EV +1)


Message History

Confirm with . or Enter, or press ? or * to list all spells.
You conjure some foxfire!
The foxfire hits the orc.
The orc is lightly wounded.
You feel sick.
You hit the orc but do no damage. Your grab misses the orc.
The orc is lightly wounded.
The orc hits you with a +0 whip.
* * * LOW HITPOINT WARNING * * *
Unknown command.
You hit the orc. Your grab misses the orc.
The orc is heavily wounded.
The orc misses you.
You closely miss the orc. Your grab misses the orc.
The orc is heavily wounded.
The orc hits you with a +0 whip.
* * * LOW HITPOINT WARNING * * *
Unknown command.
You aren't carrying any potions.
Your foxfire dissipates!
You die...

#.#. .#
#.#.#.#
#.....#
#..#..#
#...#
###.# #o#
#.# #@###
#.#.##
#....####
#.....<.+
##...####
##..#
##.# #.#
#.#


You could see an orc.

Vanquished Creatures
  A gnoll (D:1)
  4 adders
  A worm (D:2)
  2 dart slugs
  3 leopard geckos (D:2)
  6 bats
  2 giant cockroaches (D:1)
  6 goblins
  6 hobgoblins
  4 jackals (D:1)
  6 kobolds
  2 frilled lizards
  7 rats
50 creatures vanquished.

Vanquished Creatures (others)
  117 foxfires
117 creatures vanquished.

Grand Total: 167 creatures vanquished

Notes
Turn   | Place    | Note
-------+----------+-------------------------------------------
     0 | D:1      | Conn the Octopode Fire Elementalist began the quest for the
                  | Orb.
     0 | D:1      | Reached XP level 1. HP: 11/11 MP: 3/3
   230 | D:1      | Reached XP level 2. HP: 9/17 MP: 0/5
   864 | D:1      | Reached XP level 3. HP: 21/21 MP: 4/6
  1510 | D:2      | Learned a level 3 spell: Conjure Flame
  1539 | D:2      | Reached XP level 4. HP: 27/27 MP: 5/7
  1975 | D:2      | Reached skill level 4 in Fire Magic
  2178 | D:2      | Found a sparkling altar of Nemelex Xobeh.
  2284 | D:3      | HP: 1/27 [orc/+0 whip (6)]
  2285 | D:3      | Succumbed to an adder's poison

Illustrated notes

Levels and vault maps discovered:
D:1:      dpeg_arrival_subterranean_lakeside_camping, layout_basic,
          chequers_jeans, hangedman_decor_diamond_cutter
D:2:      layout_basic, serial_glass, glass_columns_b, glass_columns_a,
          glass_columns_c, glass_columns_b, glass_columns_a, glass_columns_b,
          nemelex_spade_bored_becter
D:3:      layout_loops_corners, first_ration

Skill      XL: |  1  2  3  4 |
---------------+-------------+-----
Stealth        | 3 |  3.5
Fire Magic     | 4 |  4.0
Short Blades   | |  0.4
Dodging        | |  2.3
Spellcasting   | |  2.7
Conjurations   | |  1.9

Action                   |  1- 3 |  4- 6 || total
-------------------------+-------+-------++-------
Melee: Unarmed           |    20 |       ||    20
       Constrict         |     8 |     1 ||     9
       Tentacles         |     6 |     1 ||     7
       Dagger            |     6 |     6 ||    12
 Cast: Foxfire           |    43 |    27 ||    70
  Use: Potion            |     1 |       ||     1
 Stab: Sleeping          |     3 |     1 ||     4
  Eat: Chunk             |     2 |     2 ||     4
Armor: Skin              |    11 |     1 ||    12
Dodge: Dodged            |    52 |    19 ||    71

Table legend:
 A = Non-vault XP
 B = Vault XP
 C = Vault XP percentage of total XP
 D = Non-vault monster count
 E = Vault monster count
 F = Vault count percentage of total count
                 A         B        C        D         E       F
            +---------+---------+-------+---------+---------+-------
      Total |     145 |       9 |   5.8 |      44 |       6 |  12.0
            +---------+---------+-------+---------+---------+-------
        D:1 |      53 |       9 |  14.5 |      21 |       6 |  22.2
        D:2 |      79 |       0 |   0.0 |      22 |       0 |   0.0
        D:3 |      13 |       0 |   0.0 |       1 |       0 |   0.0
            +---------+---------+-------+---------+---------+-------
